 Dungeon Sprint DCSS version 0.21.0-24-g2553a33 (webtiles) character file.

989 letownia2 the Grappler (level 7, -13/76 HPs)
             Began as a Troll Fighter on Jan 19, 2018.
             Was an Initiate of Ru.
             Mangled by a sun demon (15 damage)
             ... summoned by a kobold demonologist
             ... in the Dungeon (Sprint I: "Red Sonja").
             The game lasted 00:02:06 (357 turns).

letownia2 the Grappler (Troll Fighter)               Turns: 357, Time: 00:02:07

Health: -13/76     AC:  5    Str: 25    XL:     7   Next: 98%
Magic:  6/6        EV: 10    Int:  4    God:    Ru [......]
Gold:   428        SH: 10    Dex: 11    Spells: 6/6 levels left

rFire    + . .     SeeInvis .     - Unarmed
rCold    . . .     Gourm    +   b - +0 shield
rNeg     . . .     Faith    .   a - +0 robe
rPois    .         Spirit   .   (helmet restricted)
rElec    .         Reflect  .   (no cloak)
rCorr    .         Harm     .   (gloves unavailable)
MR       .....     NoTele   +   (boots unavailable)
Stlth    +.........             (no amulet)
HPRegen  0.62/turn              l - ring of protection from fire
MPRegen  0.10/turn              (no ring)

@: no status effects
A: large, unfitting armour, claws 3, fast metabolism 3, gourmand, regeneration
1, shaggy fur 1, tough skin 2
a: Renounce Religion


You were in the Dungeon.
You worshipped Ru.
Ru was noncommittal.
You were very full.

You visited 1 branch You collected 428 gold pieces.

Inventory:

Armour
 a - a +0 robe (worn)
 b - a +0 shield (worn)
Jewellery
 l - a ring of protection from fire (left claw)
Scrolls
 j - a scroll of blinking
Potions
 c - a potion of might
 e - a potion of curing
 f - a potion of heal wounds
 g - a potion of haste
 h - 2 potions of magic
 i - a potion of berserk rage
 k - a potion of ambrosia {unknown}
Comestibles
 d - 2 rations
 m - 2 chunks of flesh


   Skills:
 + Level 6.6 Fighting
 - Level 4.3 Dodging
 + Level 6.8 Shields
 + Level 13.0 Unarmed Combat


You had 6 spell levels left.
You didn't know any spells.

Dungeon Overview and Level Annotations

Branches:
Dungeon (1/1)

Altars:
Cheibriados
Dithmenos
Elyvilon
Fedhas
Gozag
Hepliaklqana
Kikubaaqudgha
Makhleb
Nemelex Xobeh
Okawaru
Qazlal
Ru
Sif Muna
Trog
Uskayaw
Vehumet
Wu Jian
Xom
Yredelemnul
Zin
The Shining One
Jiyva
Lugonu

Shops:
D %


Innate Abilities, Weirdness & Mutations

You are too large for most types of armour.
You have claws for hands.
Your metabolism is lightning-fast.
You like to eat raw meat.
Your natural rate of healing is unusually fast.
You are covered in fur. (AC +1)
You have very tough skin. (AC +2)


Message History

The sun demon hits you!!
You are engulfed in flames!
You resist.
Unknown command.
You scratch the sun demon but do no damage.
The sun demon is lightly wounded.
The sun demon hits you!
You are engulfed in flames!
You resist.
Unknown command.
You mangle the sun demon!!
The sun demon is heavily wounded.
Unknown command.
You closely miss the sun demon.
The sun demon is heavily wounded.
The sun demon hits you!!
* * * LOW HITPOINT WARNING * * *
You are engulfed in flames.
You resist.
* * * LOW HITPOINT WARNING * * *
Unknown command.
You closely miss the sun demon.
The sun demon is heavily wounded.
The sun demon hits you!
You die...

######################
..').#.)'..#__#..3...#
).#..'..#..'..'.@#...#
####'#####'#__####K3.+
###..#...#.#### ####
__####..##.#
_____##'#_.+
_.∩...'.)._#
_..__##_.#'#
_____###+#.# ######
###


You could see a sun demon.

Vanquished Creatures
  A kobold demonologist (D)
  A slime creature (D)
  Sigmund (D)
  A yak (D)
  A floating eye (D)
  An ogre (D)
  A jelly (D)
  Ijyb (D)
8 creatures vanquished.

Notes
Turn   | Place    | Note
-------+----------+-------------------------------------------
     0 | D        | letownia2 the Troll Fighter began the quest for the Orb.
     0 | D        | Reached XP level 1. HP: 22/22 MP: 0/0
     2 | D        | Noticed Ijyb
    10 | D        | Killed Ijyb
    10 | D        | Reached skill level 6 in Unarmed Combat
    10 | D        | Reached XP level 2. HP: 19/29 MP: 1/1
    31 | D        | Noticed an ogre
    36 | D        | Killed an ogre
    36 | D        | Reached skill level 9 in Unarmed Combat
    36 | D        | Reached XP level 3. HP: 5/36 MP: 2/2
    36 | D        | Reached XP level 4. HP: 6/44 MP: 3/3
   103 | D        | Noticed Sigmund
   114 | D        | Killed Sigmund
   114 | D        | Reached skill level 5 in Fighting
   114 | D        | Reached skill level 11 in Unarmed Combat
   114 | D        | Reached XP level 5. HP: 23/57 MP: 4/4
   114 | D        | Reached XP level 6. HP: 27/66 MP: 5/5
   183 | D        | Found an ornate altar of the Wu Jian Council.
   183 | D        | Found a deep blue altar of Sif Muna.
   185 | D        | Found a radiant altar of Vehumet.
   208 | D        | Found Asoheam's Food Emporium.
   208 | D        | Found an ancient bone altar of Kikubaaqudgha.
   208 | D        | Found a hazy altar of Hepliaklqana.
   208 | D        | Found a hide-covered altar of Uskayaw.
   208 | D        | Found a basalt altar of Yredelemnul.
   208 | D        | Found an opulent altar of Gozag.
   208 | D        | Found a snail-covered altar of Cheibriados.
   208 | D        | Found a sacrificial altar of Ru.
   208 | D        | Found a shadowy altar of Dithmenos.
   208 | D        | Noticed a yak
   213 | D        | Killed a yak
   214 | D        | Found a stormy altar of Qazlal.
   214 | D        | Found a blossoming altar of Fedhas.
   214 | D        | Found a bloodstained altar of Trog.
   214 | D        | Found an iron altar of Okawaru.
   214 | D        | Found a glowing golden altar of the Shining One.
   214 | D        | Found a glowing silver altar of Zin.
   214 | D        | Found a white marble altar of Elyvilon.
   217 | D        | Found a sparkling altar of Nemelex Xobeh.
   222 | D        | Became a worshipper of Ru the Awakened
   247 | D        | Found a viscous altar of Jiyva.
   247 | D        | Found a corrupted altar of Lugonu.
   247 | D        | Noticed a slime creature
   248 | D        | Found a burning altar of Makhleb.
   248 | D        | Found a shimmering altar of Xom.
   256 | D        | Killed a slime creature
   256 | D        | Reached skill level 5 in Shields
   256 | D        | Reached skill level 12 in Unarmed Combat
   256 | D        | Reached XP level 7. HP: 49/72 MP: 6/6
   305 | D        | Noticed a kobold demonologist
   335 | D        | Killed a kobold demonologist
   347 | D        | Noticed a kobold demonologist
   348 | D        | Noticed a sun demon
   348 | D        | Paralysed by a floating eye for 3 turns
   351 | D        | Reached skill level 13 in Unarmed Combat
   356 | D        | HP: 2/76 [sun demon[a kobold demonologist] (6)]
   357 | D        | Mangled by a sun demon

Skill      XL: |  1  2  3  4  5  6  7 |
---------------+----------------------+-----
Unarmed Combat | 6 9 11 12 13 | 13.0
Fighting       | 5 6 |  6.6
Dodging        | 4 |  4.3
Shields        | 5 6 |  6.8

Action                   |  1- 3 |  4- 6 |  7- 9 || total
-------------------------+-------+-------+-------++-------
Melee: Unarmed           |    13 |    24 |    16 ||    53
  Eat: Chunk             |       |     6 |     2 ||     8
Armor: Robe              |     2 |     1 |     3 ||     6
Dodge: Dodged            |     2 |     3 |       ||     5
Block: Shield            |     1 |     6 |     4 ||    11
